 Dungeon Crawl Stone Soup version 0.22-a0-396-g3f858e3 (webtiles) character file.

179 Collin1234 the Covered (level 5, -6/47 HPs)
             Began as a Hill Orc Fighter on May 3, 2018.
             Mangled by a gnoll
             ... wielding a +0 spear
              (9 damage)
             ... on level 3 of the Dungeon.
             The game lasted 00:07:38 (1831 turns).

Collin1234 the Covered (Hill Orc Fighter)           Turns: 1831, Time: 00:07:39

Health: -6/47      AC:  8    Str: 20    XL:     5   Next: 59%
Magic:  5/5        EV:  8    Int:  8    God:
Gold:   61         SH:  9    Dex: 10    Spells: 4/4 levels left

rFire    . . .     SeeInvis .   a - +1 rapier
rCold    + . .     Gourm    .   c - +0 shield
rNeg     . . .     Faith    .   o - +2 ring mail {rC+}
rPois    .         Spirit   .   (no helmet)
rElec    .         Reflect  .   (no cloak)
rCorr    .         Harm     .   (no gloves)
MR       .....                  (no boots)
Stlth    ..........             (no amulet)
HPRegen  0.15/turn              (no ring)
MPRegen  0.09/turn              (no ring)

@: no status effects
A: no striking features
a: no special abilities


You were on level 3 of the Dungeon.
You were not hungry.

You visited 1 branch of the dungeon, and saw 3 of its levels.

You collected 61 gold pieces.

Inventory:

Hand Weapons
 a - a +1 rapier (weapon)
Missiles
 g - 81 stones (quivered)
Armour
 b - a +0 scale mail
 c - a +0 shield (worn)
 l - a +0 chain mail
 o - a +2 ring mail of cold resistance (worn)
 s - a +0 leather armour
Scrolls
 i - a scroll of random uselessness {unknown}
 j - a scroll of immolation {unknown}
 k - a scroll of enchant weapon
 m - 2 scrolls of identify {unknown}
 p - a scroll of enchant armour {unknown}
Potions
 d - 3 potions of might
 e - 3 potions of haste {unknown}
 h - a potion of invisibility {unknown}
 n - 2 potions of curing {unknown}
 r - a potion of lignification {unknown}
Comestibles
 f - 3 rations


   Skills:
 + Level 4.4 Fighting
 + Level 3.2 Short Blades
 + Level 4.4 Armour
 + Level 1.2 Dodging
 + Level 0.1 Stealth
 + Level 4.0 Shields


You had 4 spell levels left.
You didn't know any spells.

Dungeon Overview and Level Annotations

Branches:
Dungeon (3/15)

Altars:
Okawaru


Message History

The gnoll is lightly wounded.
The leopard gecko bites you but does no damage.
The gnoll closely misses you. You block the gnoll's attack.
You block the leopard gecko's attack.
You puncture the gnoll!
You kill the gnoll!
You block the gnoll's attack.
The leopard gecko bites you but does no damage.
You block the leopard gecko's attack. You block the gnoll's attack.
Things that are here:
a club; a gnoll corpse You miss the leopard gecko.
You block the leopard gecko's attack. The gnoll hits you but does no damage.
You closely miss the leopard gecko.
The leopard gecko bites you but does no damage. x2
The gnoll hits you from afar with a spear.
* * * LOW HITPOINT WARNING * * *
You barely miss the leopard gecko. The leopard gecko barely misses you.
The gnoll hits you from afar with a spear!
You die...

. #.##.#.##.. ..#
#.#...... ... #.#
#.#.#..# #.###.####
#......#.##.#......#
#.....<##.#.#.....
#.####.##.#.#...)#
##.####.##.....####
#.......#.........#
#l@.#####.##.####.#
#...# #.##.# #
#.g.#####.##.#
.........#g##..
..........)w.##..
#...........####.#.
#####...##### #...#
#...#


You could see a gnoll and a leopard gecko.

Vanquished Creatures
  An orc wizard (D:3)
  Terence (D:2)
  3 gnolls (D:3)
  2 adders (D:2)
  3 worms
  3 dart slugs (D:2)
  5 orcs (D:3)
  A ball python (D:2)
  2 bats
  2 giant cockroaches (D:1)
  5 goblins
  4 hobgoblins
  12 jackals
  A quokka (D:2)
  5 frilled lizards
  6 kobolds
  7 rats
63 creatures vanquished.

Notes
Turn   | Place    | Note
-------+----------+-------------------------------------------
     0 | D:1      | Collin1234 the Hill Orc Fighter began the quest for the Orb.
     0 | D:1      | Reached XP level 1. HP: 19/19 MP: 1/1
   167 | D:1      | Reached XP level 2. HP: 27/27 MP: 2/2
   327 | D:1      | Reached XP level 3. HP: 26/33 MP: 3/3
   963 | D:2      | Found an iron altar of Okawaru.
   984 | D:2      | Reached XP level 4. HP: 28/40 MP: 4/4
  1254 | D:2      | Noticed Terence
  1278 | D:2      | Killed Terence
  1579 | D:3      | Reached XP level 5. HP: 24/46 MP: 5/5
  1783 | D:3      | Reached skill level 1 in Dodging
  1831 | D:3      | Mangled by a gnoll

Vault maps used:
D:1:      dpeg_arrival_central, minmay_misc_feat_iff, minmay_octomino_e4
D:2:      okawaru_metal_pillars_3, uniq_terence
D:3:      first_ration

Skill      XL: |  1  2  3  4  5 |
---------------+----------------+-----
Fighting       | 4 |  4.4
Armour         | 4 |  4.4
Short Blades   | 3 |  3.2
Shields        | 4 |  4.0
Dodging        | 1 |  1.2
Stealth        | |  0.1

Action                   |  1- 3 |  4- 6 || total
-------------------------+-------+-------++-------
Melee: Rapier            |   118 |   122 ||   240
Throw: Stone             |       |     1 ||     1
  Use: Scroll            |     5 |     1 ||     6
  Eat: Ration            |       |     1 ||     1
Armor: Scale mail        |    67 |       ||    67
       Chain mail        |    23 |    30 ||    53
       Ring mail         |       |    49 ||    49
Dodge: Dodged            |    45 |    56 ||   101
Block: Shield            |    88 |    89 ||   177

Table legend:
 A = Spawn XP
 B = Non-spawn XP
 C = Spawn XP percentage of total XP
 D = Spawn monster count
 E = Non-spawn monster count
 F = Spawn count percentage of total count
 G = Total turns spent on level
                    A         B        C        D         E        F      G
               +---------+---------+-------+---------+---------+-------+---------
         Total |       0 |     257 |   0.0 |       0 |      63 |   0.0 |  1831
               +---------+---------+-------+---------+---------+-------+---------
           D:1 |       0 |      39 |   0.0 |       0 |      25 |   0.0 |   815
           D:2 |       0 |     116 |   0.0 |       0 |      28 |   0.0 |   738
           D:3 |       0 |     102 |   0.0 |       0 |      10 |   0.0 |   278
               +---------+---------+-------+---------+---------+-------+---------
